3AAA
CALGARY LYNX @ AUSTIN BLACK MAMBAS
08/02/2042
 
TOP OF THE 1ST
Calgary Lynx batting - Pitching for Austin Black Mambas : RHP Miguel Ávila
Pitching: RHP Miguel Ávila
Batting: LHB Júlio Souza 0-0: Ball
1-0: Fly out, F8 (Flyball, 8LM, EV 96.2 MPH)
Batting: RHB Rafael Carballar 0-0: Ball
1-0: Fly out, F7 (Flyball, 7LM, EV 92.5 MPH)
Batting: RHB Roy Bagnall 0-0: Called Strike
0-1: Foul Ball, location: 2F
0-2: Ball
1-2: Ball
2-2: Ball
3-2: Base on Balls
Batting: LHB Javier Sánchez 0-0: Ball
1-0: Called Strike
1-1: Foul Ball, location: 2F
1-2: Strikes out swinging
Top of the 1st over - 0 runs, 0 hits, 0 errors, 1 left on base; Calgary 0 - Austin 0
BOTTOM OF THE 1ST
Austin Black Mambas batting - Pitching for Calgary Lynx : RHP Asher Mouland
Pitching: RHP Asher Mouland
Batting: LHB Armando Vińa 0-0: Foul Ball, location: 2F
0-1: Ball
1-1: Ball
2-1: Foul Ball, location: 2F
2-2: Foul Ball, location: 2F
2-2: Ball
3-2: Strikes out swinging
Batting: LHB Jon Kelly 0-0: Ball
1-0: Called Strike
1-1: Called Strike
1-2: Ball
2-2: Ball
3-2: Foul Ball, location: 2F
3-2: Foul Ball, location: 2F
3-2: DOUBLE (Line Drive, 7LS, EV 91.2 MPH)
Batting: LHB José Vera 0-0: Called Strike
0-1: Foul Ball, location: 2F
0-2: SINGLE (Line Drive, 6M, EV 94.4 MPH)
Jon Kelly to third
Batting: RHB Jason Portillo 0-0: Ball
1-0: Swinging Strike
1-1: Fielders Choice at 2nd, 5-4 (Groundball, 56S, EV 81.9 MPH)
Jon Kelly scores
Batting: LHB Man-su Sin 0-0: Called Strike
0-1: Ball
1-1: Ball
2-1: Called Strike
2-2: Ball
3-2: Ground out 6-3 (Groundball, 6, EV 85.6 MPH)
Bottom of the 1st over - 1 run, 2 hits, 0 errors, 1 left on base; Calgary 0 - Austin 1
TOP OF THE 2ND
Calgary Lynx batting - Pitching for Austin Black Mambas : RHP Miguel Ávila
Batting: RHB Eloi Hanai 0-0: SINGLE (Flyball, 7LS, EV 92.5 MPH)
Batting: LHB Robbie Brendle 0-0: Called Strike
0-1: Swinging Strike
0-2: Ball
1-2: Fly out, F8 (Line Drive, 8RD, EV 84.4 MPH)
Batting: RHB Jordan Attoe 0-0: Ball
1-0: Called Strike
1-1: Ball
2-1: Swinging Strike
2-2: Fly out, F8 (Flyball, 89XD, EV 108.1 MPH)
Batting: SHB Jim Santos 0-0: Ball
Eloi Hanai steals 2nd base
1-0: Ball
2-0: Ball
3-0: Base on Balls
Batting: RHB Tobias Valencia 0-0: Called Strike
0-1: Fly out, F8 (Flyball, 8RD, EV 85.6 MPH)
Top of the 2nd over - 0 runs, 1 hit, 0 errors, 2 left on base; Calgary 0 - Austin 1
BOTTOM OF THE 2ND
Austin Black Mambas batting - Pitching for Calgary Lynx : RHP Asher Mouland
Batting: RHB Doug Day 0-0: Called Strike
0-1: Swinging Strike
0-2: Strikes out swinging
Batting: RHB Bailey Gribbins 0-0: Ball
1-0: Foul Ball, location: 2F
1-1: Ground out 6-3 (Groundball, 6, EV 105.6 MPH)
Batting: RHB Ned Lyons 0-0: Called Strike
0-1: Ground out 6-3 (Groundball, 6S, EV 83.1 MPH)
Bottom of the 2nd over - 0 runs, 0 hits, 0 errors, 0 left on base; Calgary 0 - Austin 1
TOP OF THE 3RD
Calgary Lynx batting - Pitching for Austin Black Mambas : RHP Miguel Ávila
Batting: LHB Júlio Souza 0-0: Swinging Strike
0-1: Foul Ball, location: 2F
0-2: Foul Ball, location: 2F
0-2: Strikes out swinging
Batting: RHB Rafael Carballar 0-0: Ball
1-0: SINGLE (Flyball, 78S, EV 95.0 MPH)
Batting: RHB Roy Bagnall 0-0: Called Strike
0-1: Ball
1-1: Fly out, F9 (Line Drive, 9LM, EV 101.9 MPH)
Batting: LHB Javier Sánchez 0-0: Foul Ball, location: 2F
0-1: Fielders Choice at 2nd, 6-4 (Groundball, 4M, EV 102.5 MPH)
Top of the 3rd over - 0 runs, 1 hit, 0 errors, 1 left on base; Calgary 0 - Austin 1
BOTTOM OF THE 3RD
Austin Black Mambas batting - Pitching for Calgary Lynx : RHP Asher Mouland
Batting: RHB Francisco Ortíz 0-0: Ball
1-0: Ball
2-0: Swinging Strike
2-1: Called Strike
2-2: Strikes out looking
Batting: LHB Armando Vińa 0-0: Swinging Strike
0-1: Ball
1-1: Ball
2-1: Foul Ball, location: 2F
2-2: Fly out, F9 (Flyball, 9, EV 82.5 MPH)
Batting: LHB Jon Kelly 0-0: Called Strike
0-1: Ball
1-1: Foul Ball, location: 2F
1-2: SINGLE (Line Drive, 7LS, EV 100.6 MPH)
Batting: LHB José Vera 0-0: Called Strike
0-1: Ground out 4-3 (Groundball, 4, EV 81.9 MPH)
Bottom of the 3rd over - 0 runs, 1 hit, 0 errors, 1 left on base; Calgary 0 - Austin 1
TOP OF THE 4TH
Calgary Lynx batting - Pitching for Austin Black Mambas : RHP Miguel Ávila
Batting: RHB Eloi Hanai 0-0: Called Strike
0-1: Ball
1-1: SINGLE (Line Drive, 6MD, EV 106.9 MPH)
Batting: LHB Robbie Brendle 0-0: Fielders Choice at 2nd, 4-6 (Groundball, 4, EV 84.4 MPH)
Batting: RHB Jordan Attoe 0-0: Called Strike
0-1: Fly out, F8 (Flyball, 8RS, EV 70.6 MPH)
Batting: SHB Jim Santos 0-0: Ball
1-0: Foul Ball, location: 2F
1-1: Ball
2-1: Foul Ball, location: 2F
2-2: Foul Ball, location: 2F
2-2: Foul Ball, location: 2F
2-2: Foul Ball, location: 2F
2-2: Strikes out swinging
Top of the 4th over - 0 runs, 1 hit, 0 errors, 1 left on base; Calgary 0 - Austin 1
BOTTOM OF THE 4TH
Austin Black Mambas batting - Pitching for Calgary Lynx : RHP Asher Mouland
Batting: RHB Jason Portillo 0-0: Foul Ball, location: 2F
0-1: Called Strike
0-2: Strikes out swinging
Batting: LHB Man-su Sin 0-0: Ball
1-0: SINGLE (Groundball, 6MD, EV 108.1 MPH)
Batting: RHB Doug Day 0-0: Ball
1-0: Ball
2-0: Called Strike
2-1: Fly out, F3 (Line Drive, 3, EV 64.4 MPH)
Batting: RHB Bailey Gribbins 0-0: Called Strike
0-1: SINGLE (Groundball, 6D, EV 104.4 MPH)
Man-su Sin to second
Batting: RHB Ned Lyons 0-0: Ball
1-0: Ball
2-0: Foul Ball, location: 2F
2-1: Ball
3-1: Foul Ball, location: 2F
3-2: Foul Ball, location: 2F
3-2: Strikes out swinging
Bottom of the 4th over - 0 runs, 2 hits, 0 errors, 2 left on base; Calgary 0 - Austin 1
TOP OF THE 5TH
Calgary Lynx batting - Pitching for Austin Black Mambas : RHP Miguel Ávila
Batting: RHB Tobias Valencia 0-0: Ground out 1-3 (Groundball, P, EV 74.4 MPH)
Batting: LHB Júlio Souza 0-0: Called Strike
0-1: Called Strike
0-2: Fly out, F5 (Line Drive, 5, EV 68.8 MPH)
Batting: RHB Rafael Carballar 0-0: Ball
1-0: Called Strike
1-1: Called Strike
1-2: Foul Ball, location: 2F
1-2: Strikes out looking
Top of the 5th over - 0 runs, 0 hits, 0 errors, 0 left on base; Calgary 0 - Austin 1
BOTTOM OF THE 5TH
Austin Black Mambas batting - Pitching for Calgary Lynx : RHP Asher Mouland
Batting: RHB Francisco Ortíz 0-0: Ground out 6-3 (Groundball, 6S, EV 68.8 MPH)
Batting: LHB Armando Vińa 0-0: Called Strike
0-1: Foul Ball, location: 2F
0-2: Foul Ball, location: 2F
0-2: Foul Ball, location: 2F
0-2: Ground out 4-3 (Groundball, 34D, EV 109.4 MPH)
Batting: LHB Jon Kelly 0-0: Ball
1-0: Fly out, F5 (Popup, 5SF, EV 82.5 MPH)
Bottom of the 5th over - 0 runs, 0 hits, 0 errors, 0 left on base; Calgary 0 - Austin 1
TOP OF THE 6TH
Calgary Lynx batting - Pitching for Austin Black Mambas : RHP Miguel Ávila
Batting: RHB Roy Bagnall 0-0: Called Strike
0-1: Ball
1-1: Ball
2-1: SINGLE (Groundball, 15S, EV 68.1 MPH) (infield hit)
Batting: LHB Javier Sánchez 0-0: Called Strike
0-1: Called Strike
0-2: Ball
1-2: Fly out, F6 (Popup, 6M, EV 58.8 MPH)
Batting: RHB Eloi Hanai 0-0: Ball
Roy Bagnall steals 2nd base (no throw)
1-0: Fly out, F8 (Flyball, 8RM, EV 93.1 MPH)
Batting: LHB Robbie Brendle 0-0: Ball
1-0: Ball
2-0: SINGLE (Line Drive, 34D, EV 97.5 MPH)
Roy Bagnall to third
Runner from 3rd tries for Home, SAFE, no throw by RF
Batting: RHB Jordan Attoe 0-0: Ball
Robbie Brendle is caught stealing 2nd base 2-4
Top of the 6th over - 1 run, 2 hits, 0 errors, 0 left on base; Calgary 1 - Austin 1
BOTTOM OF THE 6TH
Austin Black Mambas batting - Pitching for Calgary Lynx : RHP Asher Mouland
Batting: LHB José Vera 0-0: Called Strike
0-1: Ball
1-1: Swinging Strike
1-2: Foul Ball, location: 2F
1-2: Ball
2-2: Ball
3-2: Base on Balls
Batting: RHB Jason Portillo 0-0: Called Strike
0-1: Ball
1-1: Ball
2-1: Called Strike
2-2: Strikes out looking
Batting: LHB Man-su Sin 0-0: Ball
1-0: Ball
2-0: Called Strike
2-1: Called Strike
2-2: Grounds into double play, 5-4-3 (Groundball, 56, EV 91.2 MPH)
Bottom of the 6th over - 0 runs, 0 hits, 0 errors, 0 left on base; Calgary 1 - Austin 1
TOP OF THE 7TH
Calgary Lynx batting - Pitching for Austin Black Mambas : RHP Miguel Ávila
Batting: RHB Jordan Attoe 0-0: Hit by Pitch
Batting: SHB Jim Santos 0-0: Ball
1-0: Foul Ball, location: 2F
1-1: Swinging Strike
1-2: Strikes out swinging
Batting: RHB Tobias Valencia 0-0: Grounds into double play, 6-4-3 (Groundball, 6, EV 87.5 MPH)
Top of the 7th over - 0 runs, 0 hits, 0 errors, 0 left on base; Calgary 1 - Austin 1
BOTTOM OF THE 7TH
Austin Black Mambas batting - Pitching for Calgary Lynx : RHP Asher Mouland
Batting: RHB Doug Day 0-0: Foul Ball, location: 2F
0-1: Called Strike
0-2: Ball
1-2: Reached on error, E6 (Groundball, 6, EV 89.4 MPH)
Batting: RHB Bailey Gribbins 0-0: Called Strike
0-1: Called Strike
0-2: Foul Ball, location: 2F
0-2: Reached on error, E6 (Groundball, 6, EV 87.5 MPH)
Doug Day to second
Pitching: RHP Gojong Joseon
Batting: RHB Ned Lyons 0-0: Bunted foul
0-1: Ball
1-1: Sac Bunt to 25 - play at first, batter OUT! 5-4
Doug Day to third
Bailey Gribbins to second
Batting: RHB Francisco Ortíz 0-0: Ball
1-0: Called Strike
1-1: Ball
2-1: Foul Ball, location: 2F
2-2: Foul Ball, location: 2F
2-2: Foul Ball, location: 2F
2-2: DOUBLE (Line Drive, 7LD, EV 105.0 MPH)
Doug Day scores
Bailey Gribbins scores
Batting: LHB Armando Vińa 0-0: Foul Ball, location: 2F
0-1: Called Strike
0-2: Strikes out looking
Batting: LHB Jon Kelly 0-0: Ball
1-0: Called Strike
1-1: Swinging Strike
1-2: Ball
2-2: Strikes out swinging
Bottom of the 7th over - 2 runs, 1 hit, 2 errors, 1 left on base; Calgary 1 - Austin 3
TOP OF THE 8TH
Calgary Lynx batting - Pitching for Austin Black Mambas : RHP Miguel Ávila
Batting: LHB Júlio Souza 0-0: SOLO HOME RUN (Flyball, 9D, EV 96.9 MPH), Distance : 376 ft
Batting: RHB Rafael Carballar 0-0: Ball
1-0: Swinging Strike
1-1: Foul Ball, location: 2F
1-2: Foul Ball, location: 2F
1-2: Strikes out looking
Pitching: LHP Abdul-Nasir Rabah
Batting: RHB Roy Bagnall 0-0: Ground out 6-3 (Groundball, 6, EV 81.9 MPH)
Batting: LHB Javier Sánchez 0-0: Foul Ball, location: 2F
0-1: Ground out 4-3 (Groundball, 34, EV 83.8 MPH)
Top of the 8th over - 1 run, 1 hit, 0 errors, 0 left on base; Calgary 2 - Austin 3
BOTTOM OF THE 8TH
Austin Black Mambas batting - Pitching for Calgary Lynx : RHP Gojong Joseon
Batting: LHB José Vera 0-0: Called Strike
0-1: Ball
1-1: Foul Ball, location: 2F
1-2: Foul Ball, location: 2F
1-2: Foul Ball, location: 2F
1-2: Ball
2-2: Strikes out swinging
Batting: RHB Jason Portillo 0-0: Called Strike
0-1: Ball
1-1: Ground out 5-3 (Groundball, 5S, EV 70.6 MPH)
Batting: LHB Man-su Sin 0-0: Called Strike
0-1: SOLO HOME RUN (Line Drive, 9D, EV 109.4 MPH), Distance : 378 ft
Batting: RHB Doug Day 0-0: Foul Ball, location: 2F
0-1: Ball
1-1: Called Strike
1-2: SINGLE (Groundball, 34D, EV 97.5 MPH)
Batting: RHB Bailey Gribbins 0-0: Swinging Strike
0-1: Ball
1-1: Foul Ball, location: 2F
1-2: Fielders Choice at 2nd, 6-4 (Groundball, 6, EV 85.6 MPH)
Bottom of the 8th over - 1 run, 2 hits, 0 errors, 1 left on base; Calgary 2 - Austin 4
TOP OF THE 9TH
Calgary Lynx batting - Pitching for Austin Black Mambas : LHP Abdul-Nasir Rabah
Pitching: RHP Walton Gibbs
Now in LF: Kamakakoa Kaponianani
Batting: RHB Eloi Hanai 0-0: Ball
1-0: Ball
2-0: Ground out 6-3 (Groundball, 6M, EV 80.0 MPH)
Batting: LHB Robbie Brendle 0-0: Foul Ball, location: 2F
0-1: Called Strike
0-2: Foul Ball, location: 2F
0-2: Strikes out looking
Batting: RHB Jordan Attoe 0-0: Called Strike
0-1: Foul Ball, location: 2F
0-2: Ball
1-2: SINGLE (Line Drive, 8LS, EV 98.1 MPH)
Batting: SHB Jim Santos 0-0: Ball
1-0: Foul Ball, location: 2F
1-1: Called Strike
1-2: Foul Ball, location: 2F
1-2: Ball
2-2: Foul Ball, location: 2F
2-2: Foul Ball, location: 2F
2-2: Strikes out looking
Top of the 9th over - 0 runs, 1 hit, 0 errors, 1 left on base; Calgary 2 - Austin 4
Friday, March 26th, 2021 - OOTP Baseball 20.8 Build 74